 Dungeon Crawl Stone Soup version 0.17-a0-896-g249456b (console) character file.

235561 Kellhus the Black Belt (level 18, -8/157 HPs)
             Began as a Demigod Monk on May 1, 2015.
             Mangled by an eldritch tentacle (29 damage)
             ... on level 1 of the Elven Halls.
             The game lasted 02:30:31 (61575 turns).

Kellhus the Black Belt (Demigod Monk)              Turns: 61575, Time: 02:30:31

Health: -8/157     AC: 28    Str: 20    XL:     18   Next: 23%
Magic:  31/31      EV: 29    Int: 21    God:
Gold:   3319       SH:  7    Dex: 26    Spells: 5 memorised, 13 levels left

rFire  + . .     SeeInvis .     w - staff of wizardry
rCold  . . .     Clarity  .     k - +6 mottled dragon armour
rNeg   . . .     SustAb   +     M - +0 buckler {AC+3}
rPois  +         Gourm    .     u - +2 helmet "Vinos" {rElec rF+ rC- Str+3 Int+3}
rElec  +         Spirit   .     z - +2 cloak
rCorr  .         Warding  .     t - +1 pair of gloves {Str+3}
rMut   .         Stasis   .     x - +2 pair of boots {Fly}
MR     +....                    (no amulet)
Stlth  ++........               n - ring of poison resistance
                                r - ring of protection from cold

@: flying, slowed, very slow, somewhat resistant to hostile enchantments,
unstealthy
A: repulsion field 1, high mp 1, sustain abilities
a: Stop Flying
}: 1/15 runes: serpentine


You were on level 1 of the Elven Halls.
You were not hungry.

You visited 7 branches of the dungeon, and saw 35 of its levels.
You also visited: Labyrinth and Ice Cave.

You collected 4140 gold pieces.
You spent 821 gold pieces at shops.

Inventory:

Hand weapons
 b - a +1 blowgun
Missiles
 F - 3 throwing nets (quivered)
 J - 101 poisoned needles
 S - 2 curare-tipped needles
Armour
 k - a +6 mottled dragon armour (worn)
 t - a +1 pair of gloves of strength (worn)
 u - the +2 helmet "Vinos" (worn) {rElec rF+ rC- Str+3 Int+3}
   (You found it in a labyrinth)

   It affects your strength (+3).
   It affects your intelligence (+3).
   It protects you from fire.
   It makes you vulnerable to cold.
   It insulates you from electricity.
 x - a +2 pair of boots of flying (worn)
 z - a +2 cloak (worn)
 M - a +0 buckler of protection (worn)
 U - the +3 hat of Pondering {ponderous, MR+ MP+10 Int+5}
   (You took it off Gastronok on level 1 of the Lair of Beasts)

   It affects your intelligence (+5).
   It affects your resistance to hostile enchantments.
   It affects your magic capacity (+10).
Magical staves
 w - an uncursed staff of wizardry (weapon)
Rods
 Y - a +5 lightning rod (10/10)
   (You took it off a minotaur in a labyrinth)
Jewellery
 n - a ring of poison resistance (right hand)
 q - an uncursed ring of teleport control
 r - a ring of protection from cold (left hand)
 C - an uncursed ring of positive energy
 P - an uncursed ring of protection from cold
Magical devices
 a - a wand of disintegration (9)
 I - a wand of fire (2)
 K - a wand of digging (11)
 Q - a wand of invisibility (5)
 W - a wand of digging (21)
Scrolls
 l - 3 scrolls of fog
 o - 5 scrolls of fear
 p - 4 scrolls of recharging
 v - 3 scrolls of remove curse
 D - 5 scrolls of magic mapping
 E - a scroll of amnesia
 T - 4 scrolls of teleportation
 V - 2 scrolls of enchant weapon
 Z - 4 scrolls of identify
Potions
 d - 14 potions of curing
 e - 3 potions of might
 j - 3 potions of brilliance
 y - 3 potions of cure mutation
 A - 3 potions of cancellation
 B - 2 potions of heal wounds
 H - 5 potions of agility
 O - 5 potions of haste
 R - 2 potions of magic
 X - 5 potions of resistance
Books
 f - the Grimoire of the Destructive Blaze
   (You found it on level 1 of the Elven Halls)

   Spells                             Type                      Level
   a - Conjure Flame                  Conjuration/Fire             3
   b - Inner Flame                    Hexes/Fire                   3
   c - Bolt of Magma                  Conjuration/Fire/Earth       5
   d - Fireball                       Conjuration/Fire             5
   e - Bolt of Fire                   Conjuration/Fire             6
 g - a book of the Sky

   Spells                             Type                      Level
   a - Flight                         Charms/Air                   3
   b - Airstrike                      Air                          4
   c - Silence                        Hexes/Air                    5
   d - Deflect Missiles               Charms/Air                   6
   e - Conjure Ball Lightning         Conjuration/Air              6
   f - Tornado                        Air                          9
 N - a book of Battle

   Spells                             Type                      Level
   a - Infusion                       Charms                       1
   b - Shroud of Golubria             Charms/Translocation         2
   c - Song of Slaying                Charms                       2
   d - Spectral Weapon                Hexes/Charms                 3
   e - Regeneration                   Charms/Necromancy            3
Miscellaneous
 i - a fan of gales
 m - a phantom mirror
 s - a lamp of fire
Comestibles
 c - 17 bread rations
 h - 44 fruits
 G - 12 meat rations
 L - a beef jerky


   Skills:
 - Level 13.0 Fighting
 - Level 6.0 Armour
 + Level 13.9 Dodging
 - Level 1.7 Stealth
 - Level 5.6 Shields
 - Level 20.0 Unarmed Combat
 - Level 6.0 Spellcasting
 - Level 12.0 Charms


You had 13 spell levels left.
You knew the following spells:

 Your Spells              Type           Power        Failure   Level  Hunger
e - Regeneration          Chrm/Necr      ####......   1%          3    ##.....
f - Flight                Chrm/Air       ####......   1%          3    ##.....
h - Haste                 Chrm           ######..     6%          6    #######
r - Repel Missiles        Chrm/Air       ####..       1%          2    None
s - Swiftness             Chrm/Air       ####....     1%          2    None


Dungeon Overview and Level Annotations

Branches:
Dungeon (15/15)            Temple (0/1) D:7            Lair (8/8) D:8
  Swamp (2/4) Lair:6        Snake (4/4) Lair:3        Slime (0/6) Lair:7
    Orc (4/4) D:10            Elf (1/3) Orc:4        Vaults (1/5) D:13
 Depths (0/5) D:15

Shops:
D:5 (   D:11 *   Orc:1 :   Orc:4 :([}

Annotations:
D:4 hornqvist's ghost, average FoFi
D:5 Lokkij's ghost, experienced TeAE
D:7 exclusion: 2 electric eels
Lair:8 exclusion: oklob plant
Elf:1 exclusion: 2 lightning spires


Innate Abilities, Weirdness & Mutations

You have an increased reservoir of magic (+10% MP).
Your attributes are resistant to harm.
You are surrounded by a mild repulsion field (EV +2).


Message History

The eldritch tentacle claws you.
* * * LOW HITPOINT WARNING * * *
The eldritch tentacle draws strength from your injuries!
Read which item? (? for menu, Esc to quit)
Okay, then.
Evoke which item? (* to show all) (? for menu, Esc to quit)
Okay, then.
Casting: Regeneration
Confirm with . or Enter, or press ? or * to list all spells.
Okay, then.
Wield which item (- for none, * to show all)? (? for menu, Esc to quit)
w - an uncursed staff of wizardry (weapon)
The jumping spider pounces on you!
* * * LOW HITPOINT WARNING * * *
The jumping spider completely misses you.
The eldritch tentacle completely misses you.
The eldritch tentacle claws you.
* * * LOW HITPOINT WARNING * * *
The eldritch tentacle freezes you!!
You die...

#### ##### ########..#
##...###.+....#..########
#.....##.##...#.....[...#
#......#.v##..#.##.####.#
#.######*..#..))...####.#
##.# #.*##..#.#####...#
###..# #w##...#.# #.###
#....# #.@s...#.## ##.##
#....# ########..# #...###
#....# #........# #......
#....#######........###...###
#............................
#...........#................
#...........#................
###.......###.......###....##
###..........#.#### #......


You could see an eldritch tentacle, a spatial vortex and a jumping spider.

Vanquished Creatures
  Norris (Snake:2)
  Saint Roka (Orc:3)
  Nikola (Snake:2)
  Rupert (Lair:6)
  Gastronok (Lair:1)
  Kirke (Lair:5)
  7 greater nagas (Snake:4)
  A frost giant (IceCv)
  Maud (D:12)
  An orc warlord (Orc:3)
  An ironheart preserver (Vaults:1)
  Nessos (D:15)
  A deep elf demonologist (Elf:1)
  Snorg (Lair:6)
  2 fire dragons (D:15)
  A vault guard (D:13)
  A minotaur (Lab)
  Josephine (Lair:6)
  9 hydras
  2 centaur warriors (D:14)
  20 naga warriors
  11 anacondas
  Erica (Lair:1)
  2 ogre magi (Vaults:1)
  A deep troll shaman (D:13)
  A tengu warrior (D:13)
  A deep troll earth mage (D:13)
  4 death yaks (Lair:7)
  Urug (D:13)
  10 naga sharpshooters
  An orc high priest (Elf:1)
  12 shock serpents
  Nergalle (Orc:3)
  A fire crab (Elf:1)
  16 deep elf knights (Elf:1)
  A skeletal warrior (D:14)
  6 salamander mystics
  An unseen horror (shapeshifter) (Elf:1)
  3 deep trolls
  4 deep elf summoners (Elf:1)
  9 naga ritualists
  3 shambling mangroves (Swamp:1)
  11 hill giants
  A wolf spider zombie (D:15)
  3 deep elf conjurers (Elf:1)
  8 mana vipers
  3 orc sorcerers
  3 griffons
  A wizard (D:14)
  5 orc knights
  5 cyclopes
  8 guardian serpents
  15 salamanders
  4 elephants
  2 molten gargoyles (Elf:1)
  5 ugly things
  58 black mambas
  2 torpor snails
  22 naga magi
  A sixfirhy (Orc:4)
  4 centaur skeletons
  2 gargoyles
  A kobold demonologist (D:12)
  24 spiny frogs
  7 trolls
  3 deep elf priests (Elf:1)
  2 spriggan druids (Lair:8)
  12 komodo dragons
  A tengu conjurer (D:13)
  23 polar bears
  6 fire drakes
  2 jumping spiders (Elf:1)
  3 giant leeches
  5 ravens
  A wind drake (shapeshifter) (D:14)
  5 two-headed ogres
  6 bog bodies (Swamp:1)
  9 slime creatures (Vaults:1)
  A raiju (Elf:1)
  17 blink frogs
  A boulder beetle (Lair:8)
  6 redbacks
  A centaur simulacrum (D:15)
  2 shadows
  A trapdoor spider (D:14)
  5 wyverns
  7 wraiths
  15 spriggans
  86 yaks
  11 deep elf fighters
  A vampire (D:13)
  13 deep elf magi
  A water elemental (D:14)
  5 hungry ghosts
  8 basilisks
  11 hippogriffs
  13 vampire mosquitoes
  3 hogs (Lair:5)
  2 fire elementals (Elf:1)
  2 mottled dragons
  A spatial vortex (Elf:1)
  35 water moccasins
  49 wolves
  2 insubstantial wisps (Elf:1)
  4 wargs
  75 nagas
  6 swamp worms
  18 porcupines
  2 swamp drakes (Swamp:1)
  3 ice beasts
  10 black bears
  5 phantoms
  2 necrophages (D:8)
  35 orc warriors
  5 sky beasts
  3 wasps
  An eye of draining (D:14)
  10 centaurs
  11 ogres
  3 big kobolds
  4 boring beetles
  A brain worm (Lair:7)
  19 crocodiles
  26 giant frogs
  4 gnoll sergeants
  A wyvern skeleton (D:14)
  5 scorpions
  9 killer bees
  6 electric eels
  5 wights
  7 crimson imps
  4 hounds
  2 quasits
  2 giant frog zombies (D:7)
  4 centaur zombies
  3 jellies
  34 orc wizards
  12 iguanas
  A lava snake (Elf:1)
  Crazy Yiuf (D:3)
  A gnoll shaman (D:10)
  48 orc priests
  A giant frog skeleton (D:8)
  A hell rat (Elf:1)
  A killer bee zombie (D:11)
  4 worker ants
  13 sheep (Lair:3)
  2 hound zombies
  A hound skeleton (D:5)
  24 gnolls
  A worker ant zombie (D:8)
  64 river rats
  21 adders
  4 shadow imps
  12 white imps (Lair:7)
  2 adder zombies
  4 worms
  2 adder skeletons
  6 giant geckos
  221 orcs
  25 bats
  A bat zombie (D:5)
  8 giant cockroaches
  21 goblins
  14 hobgoblins
  5 jackals
  8 ball pythons
  A giant gecko skeleton (D:6)
  7 giant newts
  A giant spore (D:15)
  2 gnoll zombies (D:7)
  15 kobolds
  2 quokkas
  29 rats
  2 ballistomycetes (D:15)
  2 crawling corpses (Elf:1)
  A plant (Lair:8)
1638 creatures vanquished.

Vanquished Creatures (collateral kills)
  A hydra (Lair:5)
1 creature vanquished.

Vanquished Creatures (others)
  2 deep elf high priests (Elf:1)
  2 lindwurms (Elf:1)
  2 polar bears (IceCv)
  A deep elf mage (Elf:1)
  2 fire elementals
  A yak (IceCv)
  A chaos spawn (Elf:1)
  A deep elf fighter (Elf:1)
  3 wolves (IceCv)
  An orc wizard (Elf:1)
  2 orcs
  A hobgoblin (D:7)
  A goblin (D:7)
  40 eldritch tentacle segments (Elf:1)
  33 fungi
  13 plants
106 creatures vanquished.

Grand Total: 1745 creatures vanquished

Notes
Turn   | Place    | Note
--------------------------------------------------------------
     0 | D:1      | Kellhus, the Demigod Monk, began the quest for the Orb.
     0 | D:1      | Reached XP level 1. HP: 18/18 MP: 3/3
    55 | D:1      | You fall through a shaft!
   188 | D:1      | Reached skill level 4 in Unarmed Combat
   332 | D:1      | Reached XP level 2. HP: 25/25 MP: 4/4
   848 | D:2      | Reached XP level 3. HP: 30/30 MP: 5/5
  1268 | D:2      | Reached skill level 5 in Unarmed Combat
  1802 | D:3      | Reached XP level 4. HP: 37/37 MP: 6/6
  1971 | D:3      | Found a shattered altar of Ashenzari.
  2509 | D:3      | Noticed Crazy Yiuf
  2525 | D:3      | Killed Crazy Yiuf
  2999 | D:4      | Found a blossoming altar of Fedhas.
  3000 | D:4      | Found an ancient bone altar of Kikubaaqudgha.
  3030 | D:4      | Noticed hornqvist's ghost (average FoFi)
  3055 | D:4      | Reached skill level 6 in Unarmed Combat
  3055 | D:4      | Reached XP level 5. HP: 30/42 MP: 7/7
  3648 | D:4      | Noticed an ogre
  3653 | D:4      | Killed an ogre
  3920 | D:5      | Entered Level 5 of the Dungeon
  3922 | D:5      | Found a sparkling altar of Nemelex Xobeh.
  3973 | D:5      | Found Wuffel's Weapon Shoppe.
  4226 | D:5      | Found a deep blue altar of Sif Muna.
  4310 | D:5      | Found a shadowy altar of Dithmenos.
  4322 | D:5      | Reached XP level 6. HP: 44/50 MP: 8/8
  4699 | D:5      | Noticed Lokkij's ghost (experienced TeAE)
  4999 | D:6      | Reached skill level 7 in Unarmed Combat
  5544 | D:6      | Reached skill level 8 in Unarmed Combat
  5544 | D:6      | Reached XP level 7. HP: 31/56 MP: 9/9
  5711 | D:6      | Found an iron altar of Okawaru.
  6736 | D:7      | Reached XP level 8. HP: 67/67 MP: 10/10
  6953 | D:7      | Found a radiant altar of Vehumet.
  7245 | D:7      | Found a staircase to the Ecumenical Temple.
  7263 | D:7      | Reached skill level 9 in Unarmed Combat
  7343 | D:7      | Found a basalt altar of Yredelemnul.
  8114 | D:8      | Reached skill level 10 in Unarmed Combat
  8380 | D:8      | Reached skill level 5 in Dodging
  8608 | D:8      | Found a sacrificial altar of Ru.
  8762 | D:8      | Reached XP level 9. HP: 36/72 MP: 11/11
  9097 | D:7      | Reached skill level 5 in Fighting
  9910 | D:8      | Found a staircase to the Lair.
 10052 | Lair:1   | Entered Level 1 of the Lair of Beasts
 10130 | Lair:1   | Reached skill level 11 in Unarmed Combat
 10323 | Lair:1   | Noticed Gastronok
 10565 | D:9      | Got a slimy scale mail
 10576 | D:9      | Identified the +6 scale mail of Shielding {rPois rC- MP+9 Str+3} (You found it on level 9 of the Dungeon)
 10958 | D:9      | Reached XP level 10. HP: 70/83 MP: 13/13
 11248 | D:9      | Found a sparkling altar of Nemelex Xobeh.
 11393 | D:9      | Reached skill level 12 in Unarmed Combat
 11735 | D:9      | Found a glowing silver altar of Zin.
 12101 | D:10     | Entered Level 10 of the Dungeon
 12270 | D:10     | Noticed a hill giant
 12288 | D:10     | Killed a hill giant
 13865 | D:10     | Found a staircase to the Orcish Mines.
 14203 | Lair:1   | Noticed Erica
 14295 | Lair:1   | Killed Erica
 14331 | Lair:1   | Noticed a spiny frog
 14549 | Lair:1   | Reached XP level 11. HP: 78/92 MP: 14/14
 14569 | Lair:1   | Reached skill level 13 in Unarmed Combat
 15094 | Lair:1   | Noticed a komodo dragon
 15100 | Lair:1   | Killed a spiny frog
 15123 | Lair:1   | Killed a komodo dragon
 15402 | Lair:1   | Noticed a komodo dragon
 15407 | Lair:1   | Killed a komodo dragon
 15910 | Lair:2   | Noticed a six-headed hydra
 15924 | Lair:2   | Killed a six-headed hydra
 15939 | Lair:2   | Reached skill level 14 in Unarmed Combat
 15964 | Lair:2   | HP: 4/92 [poisoned by a water moccasin]
 15970 | Lair:2   | HP: 4/92 [poisoned by a water moccasin]
 15978 | Lair:2   | HP: 4/92 [poisoned by a water moccasin]
 17246 | Lair:3   | Found a labyrinth entrance.
 17273 | Lab      | Entered a labyrinth
 17546 | Lab      | Noticed a minotaur
 17557 | Lab      | Killed a minotaur
 17563 | Lab      | Got a distressingly furry helmet
 17563 | Lab      | Identified Alistair's Tome of Excruciating Toxins
 17563 | Lab      | Identified the Reference Book on the Birds
 17578 | Lab      | Identified the +2 helmet "Vinos" {rElec rF+ rC- Str+3 Int+3} (You found it in a labyrinth)
 18360 | Lair:3   | Noticed a seven-headed hydra
 18393 | Lair:3   | Killed a seven-headed hydra
 19205 | Lair:3   | Reached XP level 12. HP: 53/103 MP: 15/15
 19978 | Lair:3   | Reached skill level 15 in Unarmed Combat
 20108 | Lair:3   | Found a staircase to the Snake Pit.
 21047 | Lair:3   | Reached skill level 10 in Dodging
 23025 | Lair:4   | Noticed an eight-headed hydra
 23541 | Lair:4   | Got a scorched scimitar
 23593 | Lair:4   | Killed an eight-headed hydra
 23672 | Lair:4   | Reached skill level 10 in Fighting
 24144 | Lair:5   | Reached XP level 13. HP: 89/113 MP: 16/16
 25026 | Lair:5   | Noticed Kirke
 25140 | Lair:5   | Noticed a six-headed hydra
 25397 | Lair:5   | Noticed a six-headed hydra
 25422 | Lair:5   | Killed a six-headed hydra
 26076 | Lair:6   | Found a staircase to the Snake Pit.
 26129 | Lair:6   | Reached skill level 16 in Unarmed Combat
 26559 | Lair:6   | Got a dazzling dagger
 26571 | Lair:6   | Found a staircase to the Swamp.
 26804 | Lair:6   | Noticed Rupert
 26861 | Lair:6   | Paralysed by Rupert for 7 turns
 26873 | Lair:6   | Noticed Snorg
 27319 | Lair:6   | Paralysed by Rupert for 4 turns
 27328 | Lair:6   | Paralysed by Rupert for 4 turns
 27412 | Lair:6   | Killed Rupert
 27929 | Lair:6   | Noticed Josephine
 27944 | Lair:6   | Killed Josephine
 28550 | Lair:6   | Killed Snorg
 29151 | Lair:7   | Identified Pok Cuheod's Collected Works on Battle Magic
 29185 | Lair:7   | Found a frozen archway.
 29218 | IceCv    | Entered an ice cave
 30404 | IceCv    | Noticed a frost giant
 30464 | IceCv    | Killed a frost giant
 31236 | Lair:7   | Reached XP level 14. HP: 119/124 MP: 17/17
 31530 | Lair:7   | Found a staircase to the Slime Pits.
 31531 | Lair:7   | Found a viscous altar of Jiyva.
 31771 | Lair:8   | Entered Level 8 of the Lair of Beasts
 32010 | Lair:8   | Reached skill level 17 in Unarmed Combat
 34418 | Lair:8   | Reached skill level 18 in Unarmed Combat
 34642 | Lair:8   | Reached skill level 1 in Spellcasting
 35581 | Lair:8   | Learned a level 2 spell: Repel Missiles
 36093 | Lair:1   | Killed Gastronok
 36339 | D:11     | Found Oragyidgh's Assorted Antiques.
 36355 | D:11     | Bought a glowing buckler for 117 gold pieces
 36534 | D:11     | Reached skill level 1 in Shields
 37750 | D:12     | Noticed Maud
 37770 | D:12     | Killed Maud
 38119 | D:12     | Gained mutation: You are surrounded by a mild repulsion field (EV +2). [potion of beneficial mutation]
 38619 | D:13     | Reached skill level 5 in Shields
 39008 | D:13     | Reached XP level 15. HP: 102/129 MP: 24/24
 39010 | D:13     | Found a gate to the Vaults.
 39074 | D:13     | Learned a level 3 spell: Regeneration
 39218 | D:13     | Found an iron altar of Okawaru.
 39257 | D:13     | Noticed Urug
 39275 | D:13     | Killed Urug
 40010 | D:14     | Reached skill level 5 in Charms
 40112 | D:14     | Reached skill level 1 in Armour
 40933 | D:14     | Identified a scroll of acquirement
 40963 | D:15     | Entered Level 15 of the Dungeon
 40975 | D:15     | Noticed Nessos
 41025 | D:15     | Killed Nessos
 41112 | D:15     | Reached skill level 5 in Armour
 41716 | D:15     | Found a staircase to the Depths.
 42199 | Orc:1    | Entered Level 1 of the Orcish Mines
 42407 | Orc:1    | Found Juufej Nik's Book Shop.
 43043 | Orc:2    | Found a roughly hewn altar of Beogh.
 43270 | Orc:4    | Entered Level 4 of the Orcish Mines
 43680 | Orc:3    | Noticed Nergalle
 43688 | Orc:3    | Killed Nergalle
 44094 | Orc:4    | Found a staircase to the Elven Halls.
 44109 | Orc:4    | Noticed Saint Roka
 44549 | Orc:3    | Killed Saint Roka
 44917 | Orc:4    | Found a roughly hewn altar of Beogh.
 44952 | Orc:4    | Found a roughly hewn altar of Beogh.
 45052 | Orc:4    | Found Jidag's Gadget Shoppe.
 45106 | Orc:4    | Found a roughly hewn altar of Beogh.
 45816 | Orc:4    | Paralysed by an orc sorcerer for 6 turns
 45826 | Orc:4    | Paralysed by an orc sorcerer for 7 turns
 45947 | Orc:4    | Found a roughly hewn altar of Beogh.
 45947 | Orc:4    | Found Nomamoib's Antique Armour Emporium.
 45949 | Orc:4    | Found Naen's Antique Weapon Shoppe.
 45962 | Orc:4    | Bought an embroidered cloak for 144 gold pieces
 45962 | Orc:4    | Bought a pair of embroidered boots for 144 gold pieces
 45978 | Orc:4    | Bought a runed hat for 128 gold pieces
 46247 | Orc:4    | Found a roughly hewn altar of Beogh.
 46254 | Orc:4    | Found Qamnowka's Book Boutique.
 46350 | Orc:4    | Bought an ancient scale mail for 288 gold pieces
 46360 | Orc:4    | Identified the cursed +1 scale mail of Guveank {rPois Int+2} (You bought it in a shop on level 4 of the Orcish Mines)
 46669 | Lair:2   | Learned a level 6 spell: Haste
 46741 | Lair:5   | Killed a six-headed hydra
 46862 | Lair:5   | Killed Kirke
 46945 | Swamp:1  | Entered Level 1 of the Swamp
 48273 | Swamp:2  | Reached XP level 16. HP: 135/137 MP: 26/26
 49056 | Snake:1  | Entered Level 1 of the Snake Pit
 49064 | Snake:1  | Reached skill level 10 in Charms
 50243 | Snake:1  | Reached skill level 5 in Spellcasting
 50763 | Snake:1  | Learned a level 2 spell: Swiftness
 50803 | Snake:1  | Learned a level 3 spell: Flight
 51316 | Snake:2  | Noticed Norris
 51404 | Snake:2  | Killed Norris
 51557 | Snake:2  | Noticed Nikola
 51689 | Snake:2  | Killed Nikola
 53505 | Snake:2  | Reached skill level 19 in Unarmed Combat
 53697 | Snake:3  | Reached XP level 17. HP: 110/144 MP: 26/30
 53830 | Snake:3  | Got an ichor-stained quarterstaff
 55037 | Snake:4  | Entered Level 4 of the Snake Pit
 55361 | Snake:4  | Got a fabulously ornate robe
 56396 | Snake:4  | Reached skill level 20 in Unarmed Combat
 58056 | Snake:4  | Got a serpentine rune of Zot
 58261 | Lair:3   | Identified the +2 robe "Meaxeoto" {Str+6 Dex-2} (You found it on level 4 of the Snake Pit)
 58645 | Vaults:1 | Entered Level 1 of the Vaults
 59930 | Elf:1    | Entered Level 1 of the Elven Halls
 60056 | Elf:1    | Reached XP level 18. HP: 118/156 MP: 31/31
 60811 | Elf:1    | Identified the Grimoire of the Destructive Blaze
 61575 | Elf:1    | Mangled by an eldritch tentacle

Action                   |  1- 3 |  4- 6 |  7- 9 | 10-12 | 13-15 | 16-18 || total
-------------------------+-------+-------+-------+-------+-------+-------++-------
Melee: Unarmed           |   148 |   183 |   421 |  1010 |  2989 |  2407 ||  7158
       Whip              |     3 |    14 |       |       |       |       ||    17
 Fire: Blowgun           |       |     6 |    66 |    38 |    75 |       ||   185
Throw: Tomahawk          |    18 |     3 |       |       |       |       ||    21
       Stone             |     1 |       |       |       |       |       ||     1
       Javelin           |       |     6 |     1 |       |       |       ||     7
 Cast: Repel Missiles    |       |       |       |       |     5 |    12 ||    17
       Regeneration      |       |       |       |       |     2 |    57 ||    59
       Haste             |       |       |       |       |       |     8 ||     8
 Abil: Evoke Flight      |       |       |       |       |     2 |     1 ||     3
Evoke: Wand              |       |     3 |       |    20 |       |     2 ||    25
       Lamp of fire      |       |       |       |     1 |     2 |     1 ||     4
       Rod               |       |       |       |       |     3 |       ||     3
       Fan of gales      |       |       |       |       |     2 |       ||     2
  Use: Potion            |     1 |       |       |     2 |     8 |     1 ||    12
       Scroll            |       |       |    17 |    11 |    24 |     6 ||    58
 Stab: Sleeping          |     6 |     8 |    10 |    10 |    12 |     3 ||    49
       Distracted        |       |     1 |     2 |     1 |     6 |     4 ||    14
       Confused          |       |     1 |       |       |       |       ||     1
       Fleeing           |       |       |       |     1 |     4 |       ||     5
  Eat: Chunk             |     3 |    11 |    16 |    40 |    73 |    26 ||   169
       Fruit             |       |       |     3 |       |       |     4 ||     7
       Beef jerky        |       |       |     1 |       |     4 |     3 ||     8
       Pizza             |       |       |       |     1 |     1 |       ||     2
       Royal jelly       |       |       |       |       |     2 |       ||     2
       Bread ration      |       |       |       |       |       |     5 ||     5
